AoeStats
← Mhafiki

Arena

508540936Analyzed
1v1 RM · 8d ago on Sep 22, 2026· 73m 30s· 2 players
Game mode
Random Map
Map size
Tiny (2 player)
Population
200
Speed
Normal
Resources
Standard
Victory
Conquest
Starting age
Dark Age
Ending age
Imperial Age
RankedLock teamsTeams togetherTeam positionsShared explorationLock speedFull tech treeHidden civsTurbo modeCheats
Victory
Defeat
🇫🇷 Britons · France
1152
+18
🇺🇸 Saxons · United States
1185
-18
Mhafiki
11:20 Feudal Age
15:11 Castle Age
14:56 Double-Bit Axe
16:40 Horse Collar
17:11 Bow Saw
17:29 Heavy Plow
17:21 Crossbowman
18:31 Gold Mining
22:55 Loom
24:01 Wheelbarrow
23:44 Fletching
23:54 Padded Archer Armor
25:46 Gold Mining
27:53 Gold Shaft Mining
27:05 Pikeman
28:38 Bodkin Arrow
33:05 Imperial Age
31:39 Leather Archer Armor
31:53 Ballistics
32:39 Thumb Ring
33:02 Hand Cart
33:01 Masonry
33:00 Stone Mining
33:28 Squires
33:16 Gambesons
33:22 Capped Ram
34:10 Bracer
34:07 Arbalester
35:24 Siege Engineers
36:27 Chemistry
35:58 Architecture
36:22 Crop Rotation
37:02 Two-Man Saw
36:05 Treadmill Crane
38:03 Ring Archer Armor
37:43 Siege Engineers
37:40 Shield Wall
38:48 Conscription
39:03 Hoardings
39:01 Elite Hearth Troop
39:19 Elite Skirmisher
39:53 Siege Ram
42:20 Forging
42:10 Scale Mail Armor
43:46 Town Watch
45:27 Chain Mail Armor
47:21 Iron Casting
47:17 Plate Mail Armor
47:42 Plate Mail Armor
49:48 Siege Engineers
49:41 Murder Holes
50:00 Fortified Wall
53:02 Halberdier
53:29 Arson
62:59 Onager
LogyLeo
10:26 Feudal Age
11:18 Double-Bit Axe
11:33 Loom
14:17 Castle Age
23:35 Husbandry
24:05 Bow Saw
23:41 Horse Collar
24:12 Gold Mining
25:47 Gold Shaft Mining
25:44 Heavy Plow
26:46 Stone Mining
28:01 Town Watch
31:44 Imperial Age
30:58 Town Patrol
31:37 Wheelbarrow
31:14 Fletching
31:36 Forging
32:08 Yeomen
32:47 Conscription
32:59 Hand Cart
32:29 Cavalier
33:18 Scale Barding Armor
33:14 Padded Archer Armor
35:18 Two-Man Saw
36:46 Leather Archer Armor
36:36 Warwolf
37:44 Chain Barding Armor
37:21 Bodkin Arrow
37:13 Elite Longbowman
39:07 Chemistry
38:30 Ballistics
39:02 Ring Archer Armor
41:16 Chemistry
40:22 Siege Engineers
41:22 Onager
42:37 Bracer
45:00 Masonry
45:28 Plate Barding Armor
47:55 Iron Casting
46:43 Light Cavalry
48:21 Hoardings
48:25 Architecture
47:50 Murder Holes
49:11 Fortified Wall
48:58 Murder Holes
65:57 Blast Furnace
66:14 Elite Skirmisher
Connection lost

Rejoining the realm…

Still unreachable

The connection could not be restored.

Session expired

The server has moved on; the page needs a fresh start.